 Dungeon Crawl Stone Soup version 0.18.1-8-gdd0e5ea (webtiles) character file.

16959 Mefis the Thaumaturge (level 12, -15/58 (59) HPs)
             Began as a Deep Elf Wizard on May 21, 2016.
             Was a High Priest of Sif Muna.
             Demolished by a hill giant
             ... wielding a +0 giant club
              (16 damage)
             ... on level 11 of the Dungeon on May 22, 2016.
             The game lasted 01:31:33 (21612 turns).

Mefis the Thaumaturge (Deep Elf Wizard)            Turns: 21612, Time: 01:31:34

HP:   -15/58 (59)   AC:  9    Str:  3    XL:     12   Next: 14%
MP:   5/25          EV: 16    Int: 32    God:    Sif Muna [*****.]
Gold: 539           SH:  2    Dex: 13    Spells: 11 memorised, 1 level left

rFire  . . .     SeeInvis +     b - +2 mace of Ymmiduuc {drain, rElec Str-5 Int+5 SInv}
rCold  + + .     Gourm    .     R - +0 robe {rC+}
rNeg   . . .     Faith    +     (no shield)
rPois  .         Spirit   .     J - +2 hat
rElec  +         Dismiss  .     L - +1 cloak
rCorr  .         Reflect  .     W - +0 pair of gloves
SustAt .         Harm     .     v - +0 pair of boots
MR     +....                    w - amulet of faith
Stlth  +++.......               (no ring)
                                (no ring)

@: somewhat resistant to hostile enchantments, fairly stealthy
A: horns 1, large bone plates 1, cold resistance 1, deformed body, dopey 1, low
mp 1, strong 2
a: Channel Energy, Forget Spell, Renounce Religion


You were on level 11 of the Dungeon.
You worshipped Sif Muna.
Sif Muna was extremely pleased with you.
You were not hungry.

You visited 3 branches of the dungeon, and saw 13 of its levels.

You collected 602 gold pieces.
You spent 63 gold pieces at shops.

Inventory:

Hand Weapons
 a - a +1 shortbow of flaming
 b - the +2 mace of Ymmiduuc (weapon) {drain, rElec Str-5 Int+5 SInv}
   (You found it on level 5 of the Dungeon)

   A truly terrible weapon, it drains the life of those it strikes.
   It affects your strength (-5).
   It affects your intelligence (+5).
   It insulates you from electricity.
   It lets you see invisible.
Missiles
 k - 2 curare-tipped needles
 m - 11 tomahawks
 u - 3 poisoned tomahawks
 H - 260 arrows
 K - a throwing net (quivered)
Armour
 v - a +0 pair of boots (worn)
 J - a +2 hat (worn)
 L - a +1 cloak (worn)
 R - a +0 robe of cold resistance (worn)
 W - a +0 pair of gloves (worn)
Jewellery
 w - an amulet of faith (around neck)
Wands
 z - a wand of digging (20/24)
 B - a wand of teleportation (0/9)
 G - a wand of teleportation (4/9)
 T - a wand of polymorph (6/24)
Scrolls
 f - a scroll of enchant armour
 q - 5 scrolls of magic mapping
 s - a scroll of enchant weapon
 t - 5 scrolls of teleportation
 x - 6 scrolls of noise
 E - 3 scrolls of amnesia
 S - a scroll of remove curse
 V - 2 scrolls of immolation
 Y - a scroll of fear
Potions
 e - 5 potions of curing
 g - 3 potions of might
 o - 5 potions of flight
 p - 3 potions of magic
 A - a potion of haste
 I - 3 potions of ambrosia
Books
 c - a book of Minor Magic

   Spells                             Type                      Level
   a - Magic Dart                     Conjuration                  1
   b - Blink                          Translocation                2
   c - Call Imp                       Summoning                    2
   d - Repel Missiles                 Charms/Air                   2
   e - Slow                           Hexes                        2
   f - Conjure Flame                  Conjuration/Fire             3
   g - Mephitic Cloud                 Conjuration/Poison/Air       3
 h - the Disquisition on Flames
   (You found it on level 7 of the Dungeon)

   Spells                             Type                      Level
   a - Conjure Flame                  Conjuration/Fire             3
   b - Ignite Poison                  Fire/Transmutation/Poison    3
   c - Ring of Flames                 Charms/Fire                  7
   d - Delayed Fireball               Conjuration/Fire             7
 j - a book of Enchantments

   Spells                             Type                      Level
   a - Cause Fear                     Hexes                        4
   b - Yara's Violent Unravelling     Hexes/Transmutation          5
   c - Silence                        Hexes/Air                    5
   d - Deflect Missiles               Charms/Air                   6
   e - Haste                          Charms                       6
   f - Discord                        Hexes                        8
 N - a book of Misfortune

   Spells                             Type                      Level
   a - Confusing Touch                Hexes                        2
   b - Confuse                        Hexes                        3
   c - Gell's Gravitas                Hexes/Translocation          3
   d - Petrify                        Transmutation/Earth          4
   e - Metabolic Englaciation         Hexes/Ice                    5
   f - Yara's Violent Unravelling     Hexes/Transmutation          5
 P - a book of Beasts

   Spells                             Type                      Level
   a - Summon Butterflies             Summoning                    1
   b - Call Canine Familiar           Summoning                    3
   c - Summon Ice Beast               Ice/Summoning                4
   d - Summon Mana Viper              Hexes/Summoning              5
   e - Summon Hydra                   Summoning                    7
Miscellaneous
 X - a phantom mirror
Comestibles
 d - 3 bread rations
 i - 14 fruits
 l - 2 beef jerkies
 n - 7 slices of pizza
 r - 9 meat rations


   Skills:
 + Level 8.4 Dodging
 - Level 6.9 Stealth
 + Level 10.0 Spellcasting
 * Level 8.4 Conjurations
 + Level 6.6 Hexes
 * Level 9.6 Charms
 - Level 4.1 Summonings
 - Level 1.1 Translocations
 * Level 8.7 Fire Magic
 - Level 6.5 Poison Magic
 + Level 5.9 Invocations
 - Level 3.6 Evocations


You had one spell level left.
You knew the following spells:

 Your Spells              Type           Power        Failure   Level  Hunger
a - Magic Dart            Conj           ####         1%          1    None
b - Summon Butterflies    Summ           #####...     1%          1    None
c - Blink                 Tloc           N/A          2%          2    None
d - Repel Missiles        Chrm/Air       #####.       1%          2    None
e - Mephitic Cloud        Conj/Pois/Air  #####...     1%          3    None
f - Confuse               Hex            ######..     1%          3    None
g - Slow                  Hex            ######..     1%          2    None
h - Cause Fear            Hex            ######....   1%          4    None
q - Gell's Gravitas       Hex/Tloc       #####.....   1%          3    None
x - Haste                 Chrm           ######..     12%         6    #####..
Q - Ignite Poison         Fire/Trmt/Pois #####...     1%          3    None


Dungeon Overview and Level Annotations

Branches:
Dungeon (11/15)            Temple (1/1) D:4            Lair (1/8) D:8
    Orc (0/2) D:10

Altars:
Ashenzari
Cheibriados
Dithmenos
Elyvilon
Fedhas
Gozag
Kikubaaqudgha
Makhleb
Nemelex Xobeh
Okawaru
Pakellas
Qazlal
Ru
Sif Muna
Trog
Vehumet
Xom
Yredelemnul
Zin
The Shining One

Shops:
D:11 %

Annotations:
D:7 mace depo


Innate Abilities, Weirdness & Mutations

You have a pair of small horns on your head.
You are partially covered in large bone plates (AC +2, SH +2).
Your flesh is cold resistant.
Armour fits poorly on your strangely shaped body.
You are dopey. (Int -2)
Your magical capacity is low (-10% MP).
Your muscles are very strong. (Str +4)


Message History

Your butterfly is engulfed in roaring flames.
You kill your butterfly!
Casting: Summon Butterflies
Confirm with . or Enter, or press ? or * to list all spells.
The hill giant hits you with a giant club!!
Ouch! That really hurt!
* * * LOW HITPOINT WARNING * * *
You swap places.
Your butterfly is engulfed in roaring flames.
You kill your butterfly!
The hill giant hits you with a giant club!
* * * LOW HITPOINT WARNING * * *
Your butterfly is engulfed in roaring flames.
You kill your butterfly!
Casting: Summon Butterflies
Confirm with . or Enter, or press ? or * to list all spells.
You miscast Blink.
Sif Muna protects you from the effects of your miscast!
The hill giant hits you with a giant club!
You die...

### ############
#..
#........§.#####..
#.......§..#...'..
#........§§#.###..
#.C†b.b..§...# #..
#@.......§.### #..
#.>........# #..
###.######## ##..
#.# #... #.#
###.## #.# #.....
.. +..... #.....
#.....


You could see a hill giant.

Vanquished Creatures
  Maud (D:10)
  Snorg (D:10)
  2 hydras
  2 hill giants (D:10)
  Pikel (D:6)
  A komodo dragon (Lair:1)
  2 trolls
  Grinder (D:5)
  A wyvern (D:11)
  A basilisk (D:8)
  Grum (D:9)
  11 yaks
  3 hungry ghosts
  2 hippogriffs
  A steam dragon (D:8)
  Menkaure (D:6)
  2 water moccasins
  5 porcupines (D:8)
  An ice beast (D:11)
  8 orc warriors
  A slave (D:6)
  3 black bears
  5 sky beasts
  An eye of draining (D:9)
  5 ogres
  2 necrophages
  2 wolves
  9 centaurs
  Blork the orc (D:6)
  A crocodile (D:8)
  5 big kobolds
  4 giant frogs
  3 scorpions
  16 killer bees
  9 wights
  5 howler monkeys
  4 crimson imps
  A giant frog zombie (D:10)
  7 hounds
  A quasit (D:9)
  2 centaur zombies (D:11)
  Crazy Yiuf (D:4)
  3 jellies
  12 orc priests
  A centaur skeleton (D:4)
  2 giant frog skeletons
  2 iguanas
  15 orc wizards
  7 worker ants
  14 sheep
  A howler monkey zombie (D:6)
  A worker ant zombie (D:6)
  7 gnolls
  2 howler monkey skeletons
  10 adders
  3 river rats (D:8)
  2 shadow imps (D:9)
  An ooze (D:1)
  2 adder skeletons
  2 adder zombies
  2 worms
  A dart slug (D:2)
  9 giant geckos
  52 orcs
  12 bats
  6 giant cockroaches
  6 goblins
  13 hobgoblins
  7 jackals
  5 quokkas
  4 ball pythons
  3 giant newts
  24 kobolds
  6 rats
  6 fungi
379 creatures vanquished.

Vanquished Creatures (collateral kills)
  An ogre (D:4)
  A crocodile (D:8)
  A killer bee (D:10)
  A worker ant (D:4)
  An adder (D:2)
  A bat (D:2)
6 creatures vanquished.

Vanquished Creatures (others)
  A crimson imp (D:6)
  A quokka (D:9)
  3 fungi (D:11)
  10 plants (D:8)
15 creatures vanquished.

Grand Total: 400 creatures vanquished

Notes
Turn   | Place    | Note
--------------------------------------------------------------
     0 | D:1      | Mefis the Deep Elf Wizard began the quest for the Orb.
     0 | D:1      | Reached XP level 1. HP: 10/10 MP: 7/7
   305 | D:1      | Reached XP level 2. HP: 15/15 MP: 5/9
   309 | D:1      | Learned a level 2 spell: Call Imp
   312 | D:1      | Learned a level 2 spell: Blink
   315 | D:1      | Learned a level 2 spell: Repel Missiles
  1109 | D:1      | Reached XP level 3. HP: 19/19 MP: 7/11
  1114 | D:1      | Learned a level 3 spell: Mephitic Cloud
  2248 | D:2      | Reached XP level 4. HP: 24/24 MP: 6/12
  2379 | D:2      | Reached skill level 1 in Poison Magic
  3217 | D:3      | Reached skill level 5 in Spellcasting
  3268 | D:3      | Reached XP level 5. HP: 26/28 MP: 0/14
  3273 | D:3      | Learned a level 3 spell: Conjure Flame
  3513 | D:3      | Found a deep blue altar of Sif Muna.
  3521 | D:3      | Became a worshipper of Sif Muna the Loreminder
  4550 | D:4      | Found a staircase to the Ecumenical Temple.
  4559 | Temple   | Entered the Ecumenical Temple
  5006 | D:4      | Noticed an ogre
  5025 | D:4      | Killed an ogre
  5025 | D:4      | Reached XP level 6. HP: 32/32 MP: 3/16
  5029 | D:4      | Learned a level 2 spell: Slow
  5350 | D:4      | Reached skill level 1 in Fire Magic
  5507 | D:4      | Found a burning altar of Makhleb.
  5507 | D:4      | Found a shadowy altar of Dithmenos.
  5508 | D:4      | Found a sacrificial altar of Ru.
  5518 | D:4      | Found a shattered altar of Ashenzari.
  5691 | D:4      | Noticed Crazy Yiuf
  5702 | D:4      | Killed Crazy Yiuf
  5726 | D:4      | Got a smoking mace
  5928 | D:5      | Entered Level 5 of the Dungeon
  5986 | D:4      | Reached skill level 1 in Hexes
  6285 | D:5      | Noticed Grinder
  6411 | D:5      | Noticed a sky beast
  6416 | D:5      | Noticed a water moccasin
  6438 | D:4      | Killed a sky beast
  6438 | D:4      | Reached XP level 7. HP: 20/36 MP: 4/17
  6575 | D:4      | Gained mutation: Your magical capacity is low (-10% MP). [mutagenic meat]
  6576 | D:4      | Gained mutation: You are dopey. (Int -2) [mutagenic meat]
  6577 | D:4      | Gained mutation: Your flesh is cold resistant. [mutagenic meat]
  6578 | D:4      | Gained mutation: You are resistant to hostile enchantments. [mutagenic meat]
  6579 | D:4      | Gained mutation: Your muscles are strong. (Str +2) [mutagenic meat]
  6601 | D:4      | Reached * piety under Sif Muna
  6838 | D:5      | Got a dazzling mace
  7126 | D:5      | Killed Grinder
  7126 | D:5      | Reached skill level 6 in Spellcasting
  7396 | D:5      | Reached XP level 8. HP: 41/41 MP: 1/17
  7611 | D:5      | Reached skill level 5 in Stealth
  7662 | D:5      | Reached skill level 1 in Invocations
  7840 | D:6      | Noticed Blork the orc
  7851 | D:6      | Killed Blork the orc
  7851 | D:6      | Reached skill level 1 in Evocations
  7964 | D:6      | Noticed Menkaure
  7970 | D:6      | Killed Menkaure
  7970 | D:6      | Reached skill level 5 in Poison Magic
  8095 | D:6      | Found a stormy altar of Qazlal.
  8241 | D:6      | Found a glowing golden altar of the Shining One.
  8452 | D:6      | Noticed Pikel
  8475 | D:6      | Killed Pikel
  8475 | D:6      | Reached ** piety under Sif Muna
  8475 | D:6      | Reached skill level 5 in Dodging
  8578 | D:6      | Identified the +8 mace "Casi" {freeze, *Contam rN+ MR- Int+6} (You found it on level 4 of the Dungeon)
  8579 | D:6      | Identified the +2 mace of Ymmiduuc {drain, rElec Str-5 Int+5 SInv} (You found it on level 5 of the Dungeon)
  8603 | D:6      | Gained mutation: You are frail (-10% HP). [mutagenic glow]
  8764 | D:6      | Reached XP level 9. HP: 40/40 MP: 11/19
  8821 | D:6      | Reached skill level 7 in Spellcasting
  8957 | D:6      | Found a glowing silver altar of Zin.
  9157 | D:7      | Identified the Disquisition on Flames
  9162 | D:7      | Learned a level 3 spell: Ignite Poison
  9624 | D:7      | Reached skill level 1 in Charms
 10776 | D:8      | Reached *** piety under Sif Muna
 11135 | D:8      | Reached skill level 8 in Spellcasting
 11349 | D:8      | Reached XP level 10. HP: 36/45 MP: 0/22
 11646 | D:8      | Reached skill level 5 in Fire Magic
 12038 | D:8      | Reached skill level 5 in Conjurations
 12485 | D:8      | Learned a level 7 spell: Delayed Fireball
 12728 | D:8      | Found a staircase to the Lair.
 12747 | Lair:1   | Entered Level 1 of the Lair of Beasts
 13225 | D:8      | Reached **** piety under Sif Muna
 13530 | D:9      | Learned a level 4 spell: Cause Fear
 13562 | D:9      | Noticed Grum
 13734 | D:9      | Killed Grum
 14178 | D:9      | Found a white marble altar of Elyvilon.
 14186 | D:9      | Found a basalt altar of Yredelemnul.
 14257 | D:9      | Found a sparkling altar of Nemelex Xobeh.
 14362 | D:9      | Found an ancient bone altar of Kikubaaqudgha.
 14376 | D:9      | Found a shimmering altar of Xom.
 14376 | D:9      | Found an oddly glowing altar of Pakellas.
 14444 | D:9      | Reached skill level 5 in Charms
 14911 | D:9      | Gained mutation: You have a pair of small horns on your head. [mutagenic meat]
 14912 | D:9      | Gained mutation: Armour fits poorly on your strangely shaped body. [mutagenic meat]
 14913 | D:9      | Gained mutation: Your muscles are very strong. (Str +4) [mutagenic meat]
 14916 | D:9      | Gained mutation: You are partially covered in large bone plates (AC +2, SH +2). [mutagenic meat]
 15172 | D:9      | Reached skill level 5 in Hexes
 15404 | D:9      | Reached skill level 9 in Spellcasting
 15449 | D:9      | Reached ***** piety under Sif Muna
 15792 | D:9      | Noticed a two-headed hydra
 15797 | D:9      | Killed a two-headed hydra
 15797 | D:9      | Reached XP level 11. HP: 42/48 MP: 10/23
 16056 | D:10     | Entered Level 10 of the Dungeon
 16079 | D:10     | Noticed Maud
 16394 | D:10     | Noticed a hill giant
 16453 | D:10     | Killed a hill giant
 16616 | D:10     | Noticed Snorg
 16623 | D:10     | Noticed a hill giant
 16626 | D:10     | Killed Snorg
 16643 | D:10     | Killed a hill giant
 17424 | D:10     | Reached skill level 5 in Invocations
 18233 | D:10     | Learned a level 6 spell: Haste
 18236 | D:10     | Found a staircase to the Orcish Mines.
 18579 | D:10     | Killed Maud
 18579 | D:10     | Reached ****** piety under Sif Muna
 18579 | D:10     | Received a gift from Sif Muna
 18864 | D:10     | Learned a level 1 spell: Summon Butterflies
 19169 | D:11     | Found Jyzxa's Food Shop.
 19172 | D:11     | Bought 3 fruits for 63 gold pieces
 20007 | D:11     | Lost mutation: You are resistant to hostile enchantments. [mutagenic meat]
 20008 | D:11     | Lost mutation: You are frail (-10% HP). [mutagenic meat]
 20135 | D:11     | Noticed a seven-headed hydra
 20160 | D:11     | Killed a seven-headed hydra
 20674 | D:11     | Reached XP level 12. HP: 49/58 MP: 6/25
 21125 | D:11     | Learned a level 3 spell: Gell's Gravitas
 21132 | D:11     | Learned a level 3 spell: Confuse
 21348 | D:11     | Reached skill level 10 in Spellcasting
 21609 | D:11     | HP: 1/58 [hill giant/giant club (9)]
 21612 | D:11     | Demolished by a hill giant

Skill      XL: |  1  2  3  4  5  6  7  8  9 10 11 12 |
---------------+-------------------------------------+-----
Stealth        | 3 4 5 6 |  6.9
Conjurations   | 2 3 4 6 8 |  8.4
Dodging        | 3 4 5 6 7 8 |  8.4
Summonings     | 2 3 4 |  4.1
Poison Magic   | 1 2 3 4 5 6 |  6.5
Spellcasting   | 5 6 8 9 10 | 10.0
Fire Magic     | 1 2 3 4 6 8 |  8.7
Hexes          | 1 2 3 4 5 6 |  6.6
Invocations    | 2 3 4 5 |  5.9
Evocations     | 2 3 |  3.6
Charms         | 2 6 9 |  9.6
Translocations | |  1.1

Action                   |  1- 3 |  4- 6 |  7- 9 | 10-12 || total
-------------------------+-------+-------+-------+-------++-------
Melee: Unarmed           |     3 |       |       |       ||     3
       Whip              |     8 |       |       |       ||     8
       Dagger            |     5 |     3 |       |       ||     8
       Hunting sling     |       |     7 |       |       ||     7
       Mace              |       |       |     2 |    37 ||    39
       Headbutt          |       |       |       |     8 ||     8
 Fire: Hunting sling     |       |    14 |     4 |       ||    18
       Shortbow          |       |       |     3 |     6 ||     9
 Cast: Magic Dart        |   108 |   201 |   299 |   603 ||  1211
       Repel Missiles    |     1 |       |     3 |     1 ||     5
       Call Imp          |     2 |     3 |     9 |     6 ||    20
       Mephitic Cloud    |       |    12 |    32 |   117 ||   161
       Conjure Flame     |       |     2 |     8 |     2 ||    12
       Ignite Poison     |       |       |    14 |    66 ||    80
       Blink             |       |       |     3 |     6 ||     9
       Cause Fear        |       |       |       |     6 ||     6
       Summon Butterflie |       |       |       |     5 ||     5
       Slow              |       |       |       |     1 ||     1
       Haste             |       |       |       |     1 ||     1
       Gell's Gravitas   |       |       |       |     3 ||     3
Invok: Channel Energy    |       |       |    19 |    84 ||   103
       Forget Spell      |       |       |       |     2 ||     2
Evoke: Wand              |       |       |       |     5 ||     5
  Use: Scroll            |       |    11 |     4 |     4 ||    19
 Stab: Sleeping          |     1 |     1 |       |       ||     2
  Eat: Chunk             |     4 |     8 |    17 |    32 ||    61
       Bread ration      |       |     1 |     1 |     5 ||     7
       Fruit             |       |       |       |     7 ||     7
Armor: Robe              |     8 |     7 |    18 |    51 ||    84
Dodge: Dodged            |    34 |    38 |    63 |   160 ||   295
       Deflected         |     1 |       |     7 |     5 ||    13
Block: Other             |       |       |       |     9 ||     9
